 Dungeon Crawl Stone Soup version 0.19.1 (webtiles) character file.

865 joejoepie the Chopper (level 7, -4/57 HPs)
             Began as a Deep Dwarf Fighter on Nov 24, 2016.
             Was a Follower of Hepliaklqana.
             Killed by divine providence
             ... invoked by an orc priest
              (16 damage)
             ... on level 4 of the Dungeon.
             The game lasted 00:28:00 (3877 turns).

joejoepie the Chopper (Deep Dwarf Fighter)          Turns: 3877, Time: 00:28:01

Health: -4/57      AC:  7    Str: 25    XL:     7   Next: 72%
Magic:  2/2        EV:  9    Int:  9    God:    Hepliaklqana [*.....]
Gold:   255        SH: 11    Dex: 14    Spells: 0 memorised, 6 levels left

rFire  . . .     SeeInvis .     i - +3 hand axe (antimagic)
rCold  . . .     Gourm    .     b - +0 scale mail
rNeg   . . .     Faith    .     c - +0 shield
rPois  .         Spirit   .     (no helmet)
rElec  .         Reflect  .     (no cloak)
rCorr  .         Harm     .     (no gloves)
MR     +....                    (no boots)
Stlth  ..........               (no amulet)
                                (no ring)
                                g - +6 ring of strength

@: non-regenerating
A: damage resistance, recharge devices, reduced essence, sense surroundings 1,
slow regeneration 3
a: Device Recharging, Recall Ancestor, Ancestor Identity, Renounce Religion


You were on level 4 of the Dungeon.
You worshipped Hepliaklqana.
Hepliaklqana was aware of your devotion.
You were not hungry.

You visited 2 branches of the dungeon, and saw 6 of its levels.

You collected 255 gold pieces.

Inventory:

Hand Weapons
 a - a +0 war axe
 i - a +3 antimagic hand axe (weapon)
Missiles
 l - 168 stones
 r - 2 tomahawks (quivered)
 s - 21 bolts
 u - 97 sling bullets
 y - 2 tomahawks of returning
 D - 20 poisoned needles
Armour
 b - a +0 scale mail (worn)
 c - a +0 shield (worn)
 o - a +0 cloak
 q - a +0 ring mail
 v - a +0 helmet
Jewellery
 g - a +6 ring of strength (left hand)
Wands
 e - a wand of heal wounds (2/9)
 C - a wand of confusion (19/48)
Scrolls
 j - 6 scrolls of identify
 n - 7 scrolls of remove curse
 t - a scroll of magic mapping
 H - 2 scrolls of recharging
Potions
 d - a potion of might
 k - 4 potions of curing
 p - 3 potions of flight
 x - a potion of degeneration {unknown}
 z - 2 potions of heal wounds {unknown}
 A - a potion of lignification {unknown}
 E - a potion of berserk rage {unknown}
 G - 2 potions of agility {unknown}
Books
 w - a book of Burglary

   Spells                             Type                      Level
   a - Swiftness                      Charms/Air                   2
   b - Passwall                       Transmutation/Earth          2
   c - Passage of Golubria            Translocation                4
   d - Lee's Rapid Deconstruction     Earth                        5
   e - Darkness                       Hexes                        6
   f - Invisibility                   Hexes                        6
 B - a book of Misfortune

   Spells                             Type                      Level
   a - Confusing Touch                Hexes                        1
   b - Confuse                        Hexes                        3
   c - Gell's Gravitas                Hexes/Translocation          3
   d - Petrify                        Transmutation/Earth          4
   e - Metabolic Englaciation         Hexes/Ice                    5
   f - Yara's Violent Unravelling     Hexes/Transmutation          5
Comestibles
 f - 3 bread rations
 h - a royal jelly
 m - 3 meat rations
 F - a slice of pizza


   Skills:
 + Level 4.0 Fighting
 + Level 6.2 Axes
 + Level 0.5 Throwing
 + Level 4.9 Armour
 + Level 2.4 Dodging
 + Level 1.1 Stealth
 + Level 5.3 Shields
 + Level 1.5 Evocations


You had 6 spell levels left.
You didn't know any spells.

Dungeon Overview and Level Annotations

Branches:
Dungeon (5/15)             Temple (1/1) D:4

Altars:
Ashenzari
Cheibriados
Dithmenos
Fedhas
Gozag
Hepliaklqana
Kikubaaqudgha
Makhleb
Nemelex Xobeh
Okawaru
Qazlal
Ru
Sif Muna
Uskayaw
Vehumet
Xom
Yredelemnul
Zin
The Shining One

Annotations:
D:5 Dowan, Duvessa


Innate Abilities, Weirdness & Mutations

You are resistant to damage.
You can recharge devices by infusing magical energy.
You passively map a small area around you.
You do not regenerate.
Your life essence is reduced. (-10% HP)


Message History

The orc is moderately wounded.
You block the orc's attack. The orc priest barely misses you.
You closely miss the orc.
The orc is moderately wounded.
The orc barely misses you. You block the orc priest's attack.
You slash the orc!
You kill the orc!
You block the orc priest's attack.
You hit the orc.
The orc is heavily wounded.
The orc priest calls down the wrath of Beogh upon you.
Beogh smites you!
* * * LOW HITPOINT WARNING * * *
The orc hits you with a flail.
* * * LOW HITPOINT WARNING * * *
You slash the orc!
You kill the orc!
The orc priest calls down the wrath of Beogh upon you.
Beogh smites you!
You die...

.# #........# .## #........# ..#
#..[.....# #.# #........##
#.########.........#######
...................'....>#
#.##########.###...#####.# #..##
#.# #R..# #.# ....# ####.###@..#
#.# ....# #......)#### #.# ....#
#.....o.##### #.# ....##
#...........# #.#
###..####...........# #.#
#)).##............# #.#
####.#.#........########.########
.###..#......##)......##.........
.........(...##[).....###########


You could see the friendly Javhell the ancestor and an orc priest.

Vanquished Creatures
  A sky beast (D:4)
  An ice beast (D:5)
  A crimson imp (D:5)
  The ghost of dscm the Digger, a weakling OpEE (D:4)
  A hound (D:4)
  Jessica (D:3)
  Ijyb (D:3)
  An orc wizard (D:4)
  Natasha (thrice) (D:4)
  2 worker ants
  A hound skeleton (D:4)
  A worker ant zombie (D:4)
  Robin (D:3)
  A gnoll (D:5)
  8 adders
  2 adder skeletons (D:4)
  4 worms
  8 dart slugs
  3 leopard geckos
  5 orcs (D:4)
  3 ball pythons
  5 giant cockroaches
  11 hobgoblins
  2 quokkas
  7 bats
  6 frilled lizards
  16 goblins
  5 kobolds
  8 rats
110 creatures vanquished.

Vanquished Creatures (collateral kills)
  An ice beast (D:5)
  2 gnolls (D:5)
  An ooze (D:4)
  3 orcs (D:4)
  A jackal skeleton (D:4)
8 creatures vanquished.

Vanquished Creatures (others)
  An orc wizard (D:4)
  2 ancestors
3 creatures vanquished.

Grand Total: 121 creatures vanquished

Notes
Turn   | Place    | Note
-------+----------+-------------------------------------------
     0 | D:1      | joejoepie the Deep Dwarf Fighter began the quest for the Orb.
     0 | D:1      | Reached XP level 1. HP: 20/20 MP: 1/1
   219 | D:1      | Reached XP level 2. HP: 21/27 MP: 0/2
   472 | D:1      | Reached XP level 3. HP: 28/33 MP: 1/3
   941 | D:2      | Reached skill level 3 in Axes
   941 | D:2      | Reached XP level 4. HP: 42/42 MP: 1/4
  1125 | D:2      | Found a shadowy altar of Dithmenos.
  1126 | D:2      | Found a sparkling altar of Nemelex Xobeh.
  1571 | D:3      | Found a blossoming altar of Fedhas.
  1628 | D:3      | Found a radiant altar of Vehumet.
  1656 | D:3      | Reached XP level 5. HP: 14/49 MP: 1/5
  1742 | D:3      | Noticed Ijyb
  1754 | D:3      | Killed Ijyb
  1944 | D:3      | Reached skill level 1 in Stealth
  2034 | D:3      | Noticed Robin
  2045 | D:3      | Killed Robin
  2091 | D:3      | Noticed Jessica
  2097 | D:3      | Killed Jessica
  2097 | D:3      | Reached skill level 4 in Axes
  2548 | D:4      | Found a staircase to the Ecumenical Temple.
  2575 | D:4      | Reached skill level 1 in Dodging
  2575 | D:4      | Reached XP level 6. HP: 43/56 MP: 2/6
  2579 | D:4      | Noticed a sky beast
  2581 | Temple   | Entered the Ecumenical Temple
  2701 | Temple   | Became a worshipper of Hepliaklqana the Forgotten
  2724 | D:4      | Killed a sky beast
  2873 | D:4      | Noticed Natasha
  2886 | D:4      | Killed Natasha
  2951 | D:4      | Reached skill level 5 in Shields
  3031 | D:4      | Noticed dscm's ghost (weakling OpEE)
  3046 | D:4      | Killed dscm's ghost
  3046 | D:4      | Reached skill level 5 in Axes
  3082 | D:4      | Reached XP level 7. HP: 31/56 MP: 2/7
  3134 | D:4      | Noticed Natasha
  3138 | D:4      | Killed Natasha
  3297 | D:5      | Entered Level 5 of the Dungeon
  3333 | D:5      | Reached skill level 1 in Evocations
  3457 | D:5      | Reached * piety under Hepliaklqana
  3464 | D:5      | Reached skill level 6 in Axes
  3538 | D:5      | Found a shimmering altar of Xom.
  3786 | D:5      | Noticed Duvessa
  3787 | D:5      | Noticed Dowan
  3858 | D:4      | Noticed Natasha
  3872 | D:4      | Killed Natasha
  3877 | D:4      | Killed from afar by an orc priest

Skill      XL: |  1  2  3  4  5  6  7 |
---------------+----------------------+-----
Shields        | 4 5 |  5.3
Fighting       | 3 4 |  4.0
Axes           | 3 4 5 6 |  6.2
Stealth        | 1 |  1.1
Armour         | 4 |  4.9
Dodging        | 1 2 |  2.4
Evocations     | 1 |  1.5
Throwing       | |  0.5

Action                   |  1- 3 |  4- 6 |  7- 9 || total
-------------------------+-------+-------+-------++-------
Melee: Hand axe          |   107 |   232 |    71 ||   410
Throw: Tomahawk          |     4 |     3 |       ||     7
Invok: Ancestor Identity |       |     1 |       ||     1
Evoke: Wand              |     1 |     3 |     3 ||     7
  Use: Scroll            |     2 |     4 |     2 ||     8
       Potion            |     3 |       |       ||     3
  Eat: Chunk             |       |     7 |     3 ||    10
Armor: Scale mail        |    24 |    78 |    16 ||   118
Dodge: Dodged            |    30 |    50 |    21 ||   101
Block: Shield            |    50 |   109 |    33 ||   192
